 Dungeon Sprint DCSS version 0.20.1-1-g8b1a95d (webtiles) character file.

1780 sanboga the Fighter (level 9, -7/68 HPs)
             Began as a Gargoyle Berserker on Dec 20, 2017.
             Was a High Priest of Trog.
             Mangled by Kirke (12 damage)
             ... in the Dungeon (Sprint II: "The Violet Keep of Menkaure").
             The game lasted 00:05:55 (753 turns).

sanboga the Fighter (Gargoyle Berserker)             Turns: 753, Time: 00:05:56

Health: -7/68      AC:  0    Str: 22      XL:     9   Next: 8%
Magic:  4/9        EV: 16    Int: 13      God:    Trog [*****.]
Gold:   714        SH:  0    Dex: 10 (11) Spells: 8/8 levels left

rFire    . . .     SeeInvis .   (weapon currently unavailable)
rCold    . . .     Gourm    .   (shield currently unavailable)
rNeg     + . .     Faith    .   (armour currently unavailable)
rPois    ∞         Spirit   .   (helmet currently unavailable)
rElec    .         Reflect  .   (cloak currently unavailable)
rCorr    .         Harm     .   (gloves currently unavailable)
MR       .....     NoTele   +   (boots currently unavailable)
Stlth    ++........             (no amulet)
Regen    0.3/turn               (ring currently unavailable)
MPRegen  0.2/turn               (ring currently unavailable)

@: brilliant, pig-form, berserk cooldown, slowed
A: negative energy resistance 1, screaming 1, petrification resistance, rot
immunity, subdued magic 2, AC +5
a: Berserk, Trog's Hand, Brothers in Arms, Burn Spellbooks, Renounce Religion


You were in the Dungeon.
You worshipped Trog.
Trog was extremely pleased with you.
You were very hungry.
You were a filthy swine.
You visited 1 branch You collected 972 gold pieces.
You spent 258 gold pieces at shops.

Inventory:

Hand Weapons
 b - a +4 trident of freezing (melded)
Armour
 j - a +2 chain mail of magic resistance (melded)
Scrolls
 i - a scroll of blinking
Potions
 d - a potion of curing
 f - a potion of haste
 g - 2 potions of magic
 h - a potion of berserk rage
Comestibles
 a - 4 chunks of flesh


   Skills:
 + Level 13.6 Fighting
   Level 11.5 Maces & Flails
 + Level 2.6 Polearms
 + Level 8.2 Armour
 + Level 5.6 Dodging
 + Level 2.7 Stealth


You had 8 spell levels left.
You didn't know any spells.

Dungeon Overview and Level Annotations

Branches:
Dungeon (1/1)

Altars:

Shops:
D =}:[!=([?!%(:%:=

Annotations:
D exclusion: oklob plant, Kirke


Innate Abilities, Weirdness & Mutations

You are resistant to torment.
((Your stone body is resilient. (AC +5)))
You are immune to poison.
You resist negative energy. (rN+)
((You are resistant to electric shocks. (rElec)))
((You can survive without breathing.))
You are immune to petrification.
You are immune to rotting.
You occasionally shout uncontrollably at your foes.
Your spells are easier to cast, but less powerful.


Message History

The wyvern is engulfed in mutagenic fog.
The wyvern twists and deforms.
The neqoxec is engulfed in mutagenic fog.
The neqoxec twists and deforms.
The ufetubus is engulfed in mutagenic fog.
The quasit is engulfed in mutagenic fog.
The quasit twists and deforms.
The hellwing is engulfed in mutagenic fog.
Kirke hits you!!
* * * LOW HITPOINT WARNING * * *
The centaur warrior is engulfed in mutagenic fog.
The kobold demonologist is engulfed in mutagenic fog.
The kobold demonologist twists and deforms.
The kobold demonologist gestures wildly while chanting.
You hit Kirke.
Kirke is heavily wounded.
The wyvern is engulfed in mutagenic fog.
The ufetubus is engulfed in mutagenic fog.
Kirke hits you!
You die...

+≈≈§§§8§§§≈≈# .
###§§≈§§§§≈§
K@.≈##§≈§≈§§§
####≈≈#§'§#55K##
###≈≈≈....§53c.#
.∩#≈≈≈≈.##'##l5#
∩.#≈≈≈≈##...##z####
.∩#≈≈≈≈#..##.#H@..#
∩.#≈≈######.####h.##
..#≈##.###'###.##..#
..#≈#...##.##..†#..#
..'≈')#.+.<.+##†'..###
..#≈#...##.##..†#....###.
###≈##.###+###.##......≈≈
###≈≈#### ####≈≈..§..≈#
##†≈≈#.###.#≈≈≈≈≈≈≈..≈#
#'#≈##.#.##≈≈≈≈≈§§≈.≈#


You could see Kirke, a skeletal warrior, a centaur warrior, a manticore, a
kobold demonologist, a neqoxec, a wyvern, 2 quasits and 2 ufetubi.

Vanquished Creatures
  A merfolk siren (D)
  2 hippogriffs (D)
  A blink frog (D)
  4 neqoxecs (D)
  4 necrophages (D)
  A crocodile (D)
13 creatures vanquished.

Vanquished Creatures (others)
  Menkaure (D)
  A crocodile (D)
2 creatures vanquished.

Grand Total: 15 creatures vanquished

Notes
Turn   | Place    | Note
-------+----------+-------------------------------------------
     0 | D        | sanboga the Gargoyle Berserker began the quest for the Orb.
     0 | D        | Reached XP level 1. HP: 14/14 MP: 1/1
     1 | D        | Noticed a neqoxec
     4 | D        | Gained mutation: Your spells are a little easier to cast, but a little less powerful. [a neqoxec]
     7 | D        | Gained mutation: Your spells are easier to cast, but less powerful. [a neqoxec]
     9 | D        | Killed a neqoxec
     9 | D        | Reached skill level 7 in Fighting
     9 | D        | Reached XP level 2. HP: 4/24 MP: 2/2
     9 | D        | Reached XP level 3. HP: 4/28 MP: 3/3
     9 | D        | Reached XP level 4. HP: 5/34 MP: 4/4
     9 | D        | Reached XP level 5. HP: 6/38 MP: 5/5
    20 | D        | Killed Menkaure
   106 | D        | Killed a crocodile
   278 | D        | Noticed a neqoxec
   279 | D        | Noticed a neqoxec
   283 | D        | Noticed a neqoxec
   283 | D        | Killed a neqoxec
   283 | D        | Reached skill level 8 in Fighting
   283 | D        | Reached skill level 5 in Armour
   283 | D        | Reached XP level 6. HP: 45/45 MP: 6/6
   287 | D        | Killed a neqoxec
   287 | D        | Reached ** piety under Trog
   287 | D        | Reached skill level 9 in Fighting
   288 | D        | Noticed an orange crystal statue
   288 | D        | Gained mutation: You occasionally shout uncontrollably at your foes. [a neqoxec]
   292 | D        | Killed a neqoxec
   292 | D        | Reached skill level 10 in Fighting
   292 | D        | Reached skill level 10 in Maces & Flails
   292 | D        | Reached XP level 7. HP: 53/53 MP: 7/7
   340 | D        | Found Peantemi's Book Shoppe.
   340 | D        | Found Koam Eraro's Jewellery Emporium.
   341 | D        | Found Gim Miwi's Book Shoppe.
   341 | D        | Found Vecil's Food Emporium.
   343 | D        | Found Kuonn's Food Shoppe.
   343 | D        | Found Ymiox's Antique Weapon Emporium.
   346 | D        | Found Pafuu's Magic Scroll Shoppe.
   346 | D        | Found Weduru Wacu's Distillery.
   347 | D        | Found Fiudgh Ones's Antique Armour Shoppe.
   349 | D        | Found Yhisuj Rui's Jewellery Emporium.
   349 | D        | Found Xusapeqa's Weapon Shoppe.
   363 | D        | Noticed a merfolk siren
   370 | D        | Killed a merfolk siren
   370 | D        | Reached *** piety under Trog
   370 | D        | Reached skill level 11 in Fighting
   370 | D        | Reached skill level 1 in Stealth
   370 | D        | Reached XP level 8. HP: 60/60 MP: 8/8
   398 | D        | Noticed a blink frog
   403 | D        | Killed a blink frog
   403 | D        | Reached skill level 12 in Fighting
   403 | D        | Reached skill level 5 in Dodging
   458 | D        | Found Keaqas's Distillery.
   458 | D        | Found Uwnog's Antique Armour Shoppe.
   458 | D        | Noticed an oklob plant
   458 | D        | Noticed a hell hog
   459 | D        | Noticed a hell hog
   459 | D        | Found Qefomali's Gadget Shoppe.
   459 | D        | Found Celeuw's Book Shoppe.
   459 | D        | Found Vako Oggodu's Jewellery Emporium.
   470 | D        | Bought a shiny chain mail for 135 gold pieces
   521 | D        | Bought a runed trident for 123 gold pieces
   543 | D        | Noticed a hippogriff
   543 | D        | Noticed a hippogriff
   547 | D        | Killed a hippogriff
   554 | D        | Killed a hippogriff
   554 | D        | Reached skill level 13 in Fighting
   554 | D        | Reached skill level 1 in Polearms
   642 | D        | Reached **** piety under Trog
   651 | D        | Reached XP level 9. HP: 68/68 MP: 9/9
   661 | D        | Reached ***** piety under Trog
   716 | D        | Noticed Kirke
   716 | D        | Noticed a kobold demonologist
   716 | D        | Noticed a skeletal warrior
   730 | D        | Noticed a manticore
   733 | D        | Noticed a centaur warrior
   751 | D        | Noticed a hellwing
   753 | D        | Mangled by Kirke

Skill      XL: |  1  2  3  4  5  6  7  8 |
---------------+-------------------------+-----
Fighting       | 7 8 10 11 13 | 13.6
Maces & Flails | 6 8 10 11 | 11.5
Armour         | 3 5 6 8 |  8.2
Dodging        | 2 3 4 5 |  5.6
Stealth        | 1 2 |  2.7
Polearms       | 2 |  2.6

Action                   |  1- 3 |  4- 6 |  7- 9 || total
-------------------------+-------+-------+-------++-------
Melee: Mace              |     6 |    12 |    10 ||    28
       Trident           |       |       |    35 ||    35
       Unarmed           |       |       |    17 ||    17
Invok: Berserk           |     1 |     1 |     6 ||     8
  Use: Potion            |       |       |     2 ||     2
  Eat: Bread ration      |       |       |     1 ||     1
       Chunk             |       |       |     2 ||     2
Armor: Animal skin       |       |     1 |       ||     1
       Chain mail        |       |       |    28 ||    28
Dodge: Dodged            |       |     4 |    46 ||    50
